AoeStats
← KSK1912

Arabia

504258852Analyzed
1v1 RM · 27d ago on Sep 4, 2026· 25m 19s· 2 players
Game mode
Random Map
Map size
Tiny (2 player)
Population
200
Speed
Normal
Resources
Standard
Victory
Conquest
Starting age
Dark Age
Ending age
Imperial Age
RankedLock teamsTeams togetherTeam positionsShared explorationLock speedFull tech treeHidden civsTurbo modeCheats
Victory
Defeat
🇦🇹 Armenians · Austria
863
+18
🇹🇷 Mongols · Türkiye
907
-18
KSK1912
10:32 Feudal Age
9:11 Loom
23:35 Castle Age
Xicht
10:57 Feudal Age
11:56 Man-at-Arms
13:33 Long Swordsman
14:42 Double-Bit Axe
14:59 Arson
20:57 Scale Mail Armor
21:08 Forging
Connection lost

Rejoining the realm…

Still unreachable

The connection could not be restored.

Session expired

The server has moved on; the page needs a fresh start.